 Dungeon Crawl Stone Soup version 0.30.0-29-ga12c61a403 (webtiles) character file.

Game seed: 2420895206100516541

689 Revguard the Trooper (level 7, -1/61 HPs)
             Began as a Hill Orc Fighter on June 8, 2023.
             Was a Follower of Beogh.
             Slain by Menkaure (4 damage)
             ... on level 5 of the Dungeon.
             The game lasted 00:09:18 (2940 turns).

Revguard the Trooper (Hill Orc Fighter)             Turns: 2940, Time: 00:09:18

Health: -1/61      AC: 17    Str: 19    XL:     7   Next: 63%
Magic:  0/9        EV:  6    Int:  8    God:    Beogh [*.....]
Gold:   150        SH:  5    Dex: 12    Spells: 6/6 levels left

rFire   . . .        a - +0 war axe
rCold   + . .        c - +0 buckler
rNeg    . . .        r - +2 plate armour {rC+}
rPois   .            n - +0 helmet
rElec   .            m - +0 cloak
rCorr   .            (no gloves)
SInv    .            i - +0 pair of boots
Will    .....        j - amulet of guardian spirit Stlth
                     (no ring)
HPRegen 0.30/turn    (no ring)
MPRegen 0.11/turn

%: guardian spirit
@: attractive
A: no striking features
a: Renounce Religion


You were on level 5 of the Dungeon.
You worshipped Beogh.
Beogh was aware of your devotion.
You visited 1 branch of the dungeon, and saw 5 of its levels.

You collected 150 gold pieces.

Inventory:

Hand Weapons
 a - a +0 war axe (weapon)
Armour
 c - a +0 buckler (worn)
 i - a +0 pair of boots (worn)
 m - a +0 cloak (worn)
 n - a +0 helmet (worn)
 r - a +2 plate armour of cold resistance (worn)
Jewellery
 j - an amulet of guardian spirit (around neck)
Wands
 d - a wand of flame (23)
Scrolls
 k - a scroll of teleportation
 l - a scroll of amnesia
 o - a scroll of fear
 p - a scroll of acquirement {unknown}
 q - a scroll of blinking {unknown}
Potions
 g - a potion of flight
 h - a potion of mutation


   Skills:
 + Level 5.1 Fighting
 + Level 4.8 Axes
 + Level 4.6 Armour
 + Level 2.1 Dodging
 + Level 4.7 Shields
 + Level 3.6 Invocations
 + Level 2.8 Evocations


You had 6 spell levels left.
You didn't know any spells.
Your spell library contained the following spells:

 Spells                   Type           Power      Damage    Failure   Level
 Apportation              Tloc           0%         N/A       100%        1
 Ensorcelled Hibernation  Hex/Ice        0%         N/A       100%        2
 Passwall                 Tmut/Erth      0%         N/A       100%        2
 Stone Arrow              Conj/Erth      0%         3d7       100%        3
 Summon Guardian Golem    Hex/Summ       0%         N/A       100%        3
 Swiftness                Air            0%         N/A       100%        3
 Animate Armour           Summ/Erth      0%         N/A       100%        4
 Cause Fear               Hex            0%         N/A       100%        4
 Alistair's Intoxication  Tmut/Pois      0%         N/A       100%        5
 Dragon Form              Tmut           0%         N/A       100%        7
 Orb of Destruction       Conj           0%         9d5       100%        7
 Spellforged Servitor     Conj/Summ      0%         N/A       100%        7
 Lehudib's Crystal Spear  Conj/Erth      0%         10d2      100%        8
 Dragon's Call            Summ           0%         N/A       100%        9


Dungeon Overview and Level Annotations

Branches:
Dungeon (5/15)
 Temple: D:4-7

Altars:
Dithmenos
Ru
Uskayaw
Wu Jian

Annotations:
D:5 Menkaure


Message History

Menkaure calls on the powers of darkness!
Your body is wracked with pain!
An ogre comes into view. It is wielding a +0 giant club.
You hit Menkaure but do no damage.
Menkaure is moderately damaged.
Menkaure gestures at you while chanting.
Pain shoots through your body!
* * * LOW HITPOINT WARNING * * *
You hit Menkaure.
Menkaure is heavily damaged.
Menkaure hits you!
* * * LOW HITPOINT WARNING * * *
Menkaure casts a spell at you. Pain shoots through your body!
* * * LOW HITPOINT WARNING * * *
It was a potion of attraction.
You feel attractive to monsters. Menkaure hits you but does no damage.
You slash Menkaure!
Menkaure is almost destroyed.
You slash the ogre! The ogre closely misses you. Menkaure barely misses you.
You barely miss Menkaure.
Menkaure is almost destroyed.
You hit the ogre. You block Menkaure's attack. The ogre closely misses you.
Menkaure giggles, "These cerements are ticklish..."
Menkaure points at you and mumbles some strange words.
Pain shoots through your body!
* * * LOW HITPOINT WARNING * * *
You barely miss Menkaure.
Menkaure is almost destroyed.
You slash the ogre!
You kill the ogre!
Beogh accepts your kill.
Menkaure points at you and mumbles some strange words.
You struggle to resist.
You hit Menkaure.
Menkaure is almost destroyed.
Menkaure grins.
Menkaure hits you.
You die...

.........# ..
.........####'#
...............
...............
...............
...............
.......)M......
..... ########@###
.......#..........#
.......+..........#
......#..........#
......#####.##.###
#.......#.##.## +
#.......#.....# #
+.......'.....+ #
#.......#.....#


You could see Menkaure (fast).

Vanquished Creatures
  An orc warrior (D:4)
  A black bear (D:3)
  An ogre (D:5)
  A phantom (D:4)
  2 scorpions
  Crazy Yiuf (D:2)
  An orc priest (D:3)
  An iguana (D:4)
  An orc wizard (D:4)
  6 adders
  4 gnolls (D:5)
  A dart slug (D:1)
  2 orcs
  9 bats
  8 endoplasms
  3 giant cockroaches
  6 goblins
  4 hobgoblins
  11 jackals
  8 kobolds
  A quokka (D:1)
  5 ball pythons
  A frilled lizard (D:2)
  3 rats (D:1)
82 creatures vanquished.

Vanquished Creatures (others)
  An orc (D:3)
  A hobgoblin (D:3)
2 creatures vanquished.

Grand Total: 84 creatures vanquished

Notes
Turn   | Place    | Note
-------+----------+-------------------------------------------
     0 | D:1      | Revguard the Hill Orc Fighter began the quest for the Orb.
     0 | D:1      | Reached XP level 1. HP: 19/19 MP: 1/1
   169 | D:1      | Reached XP level 2. HP: 26/27 MP: 2/2
   488 | D:1      | Reached skill level 1 in Invocations
   488 | D:1      | Reached XP level 3. HP: 31/33 MP: 3/3
   685 | D:1      | Reached skill level 1 in Evocations
   692 | D:1      | Reached skill level 4 in Fighting
   991 | D:2      | Noticed a scorpion
   997 | D:2      | Killed a scorpion
   998 | D:2      | Reached XP level 4. HP: 40/40 MP: 3/5
  1177 | D:2      | Reached skill level 1 in Dodging
  1177 | D:2      | Reached XP level 5. HP: 46/46 MP: 6/6
  1200 | D:2      | Found a runed translucent door.
  1201 | D:2      | Noticed Crazy Yiuf
  1209 | D:2      | Killed Crazy Yiuf
  1290 | D:3      | Became a worshipper of Beogh the Brigand
  1382 | D:3      | Found a faded altar of an unknown god.
  1616 | D:3      | Noticed a black bear
  1624 | D:3      | Killed a black bear
  1625 | D:3      | Reached XP level 6. HP: 40/53 MP: 7/7
  1671 | D:3      | Found a shadowy altar of Dithmenos.
  2030 | D:4      | Noticed an orc warrior
  2050 | D:4      | Killed an orc warrior
  2051 | D:4      | Reached XP level 7. HP: 17/60 MP: 2/9
  2452 | D:4      | Found an ornate altar of the Wu Jian Council.
  2584 | D:4      | Found a sacrificial altar of Ru.
  2593 | D:4      | Reached skill level 5 in Fighting
  2605 | D:4      | Reached * piety under Beogh
  2681 | D:4      | Noticed a +0 dagger
  2682 | D:4      | Found a hide-covered altar of Uskayaw.
  2682 | D:4      | Noticed a +0 hand axe
  2792 | D:5      | Entered Level 5 of the Dungeon
  2929 | D:5      | Noticed Menkaure
  2938 | D:5      | HP: 2/61 [Menkaure/nerve-wracking pain (8)]
  2940 | D:5      | Slain by Menkaure

Illustrated notes

Levels and vault maps discovered:
D:1:      minmay_arrival_doors, layout_basic
D:2:      layout_rooms, uniq_crazy_yiuf_cottage
D:3:      layout_basic, mainiacjoe_overflow_tiny_flanked,
          basic_ecumenical_altar, corexii_shack
D:4:      layout_rooms, nicolae_ru_great_annihilating_truth,
          nicolae_wu_jian_immortal_techniques, dancing_weapons_uskayaw,
          minmay_checkerbox
D:5:      layout_gridville, minmay_temple_entry_butterflies,
          minmay_misc_feat_doors, uniq_menkaure

Skill      XL: |  1  2  3  4  5  6  7 |
---------------+----------------------+-----
Axes           | 3 4 |  4.8
Invocations    | 1 2 3 |  3.6
Evocations     | 1 2 |  2.8
Fighting       | 4 5 |  5.1
Dodging        | 1 2 |  2.1
Armour         | 4 |  4.6
Shields        | 4 |  4.7

Action                     |  1- 3 |  4- 6 |  7- 9 || total
---------------------------+-------+-------+-------++-------
  Melee: War axe           |    90 |   101 |   107 ||   298
 Invoke: Convert to Beogh  |       |     1 |       ||     1
    Use: Scroll            |     2 |     5 |       ||     7
         Potion            |       |     3 |     1 ||     4
   Stab: Paralysed         |       |       |     2 ||     2
 Armour: Scale mail        |     6 |       |       ||     6
         Chain mail        |    65 |    58 |    58 ||   181
         Plate armour      |       |       |    27 ||    27
  Dodge: Dodged            |    42 |    42 |    38 ||   122
  Block: Buckler           |    28 |    47 |    31 ||   106
